 Dungeon Crawl Stone Soup version 0.29.1-4-g47bece8355 (webtiles) character file.

Game seed: 17341627908198773158

31005 Lutefisk the Zephyrmancer (level 13, -5/82 HPs)
             Began as a Tengu Air Elementalist on Dec 3, 2022.
             Was an Elder of Sif Muna.
             Slain by a two-headed ogre
             ... wielding a +0 giant club
              (23 damage)
             ... on level 2 of the Orcish Mines.
             The game lasted 01:25:54 (9331 turns).

Lutefisk the Zephyrmancer (Tengu Air Elementalist)  Turns: 9331, Time: 01:25:54

Health: -5/82      AC: 15    Str:  8    XL:     13   Next: 55%
Magic:  3/27       EV: 17    Int: 19    God:    Sif Muna [****..]
Gold:   1618       SH:  5    Dex: 17    Spells: 21/31 levels left

rFire   + . .      SeeInvis .   u - staff of air
rCold   + . .      Faith    .   Q - +0 buckler
rNeg    . . .      Spirit   .   m - +5 ring mail "Damnable Contraption" {rPois rF++}
rPois   +          Reflect  .   z - +2 hat
rElec   +          Harm     .   y - +0 cloak
rCorr   +          Rampage  .   (no gloves)
Will    .....                   (boots unavailable)
Stlth   ++........              (no amulet)
HPRegen 0.23/turn               s - ring of resist corrosion
MPRegen 0.20/turn               n - ring of ice

@: flying quickly and evasively, studying Maces & Flails, quick
A: beak, talons 3, nimble flight
a: Renounce Religion, Channel Magic, Forget Spell, Divine Exegesis


You were on level 2 of the Orcish Mines.
You worshipped Sif Muna.
Sif Muna was greatly pleased with you.
You visited 4 branches of the dungeon, and saw 17 of its levels.

You collected 1618 gold pieces.

Inventory:

Hand Weapons
 i - the +8 rapier of Venuy {vamp, rPois}
   (You found it on level 5 of the Dungeon)

   It occasionally heals its wielder for a portion of the damage dealt when it
   wounds a living foe.
   rPois:     It protects you from poison.
Missiles
 q - 33 poisoned darts
 H - 3 throwing nets
 I - 3 atropa-tipped darts
 O - a curare-tipped dart (quivered)
Armour
 m - the +5 ring mail "Damnable Contraption" (worn) {rPois rF++}
   (You found it on level 3 of the Dungeon)

   rF:        It greatly protects you from fire.
   rPois:     It protects you from poison.
 y - a +0 cloak (worn)
 z - a +2 hat (worn)
 Q - a +0 buckler (worn)
Magical Staves
 u - a staff of air (weapon)
Jewellery
 n - a ring of ice (right hand)
 s - a ring of resist corrosion (left hand)
 L - a ring of ice
 M - a ring of positive energy
Wands
 D - a wand of charming (1)
 E - a wand of flame (34)
Scrolls
 a - a scroll of butterflies
 d - 4 scrolls of teleportation
 f - 4 scrolls of enchant armour
 g - 5 scrolls of immolation
 k - a scroll of summoning {unknown}
 r - a scroll of blinking
 t - a scroll of amnesia {unknown}
 v - a scroll of enchant weapon
 w - a scroll of acquirement {unknown}
 C - a scroll of silence {unknown}
 F - a scroll of brand weapon {unknown}
 G - a scroll of magic mapping {unknown}
 J - a scroll of noise {unknown}
 N - a scroll of vulnerability
Potions
 b - 3 potions of heal wounds
 c - 6 potions of attraction
 e - a potion of degeneration {unknown}
 h - 5 potions of brilliance
 j - a potion of lignification {unknown}
 l - 2 potions of curing
 o - 2 potions of ambrosia {unknown}
 p - a potion of might
 x - 2 potions of haste
 A - 4 potions of cancellation
 B - 2 potions of mutation
 K - a potion of berserk rage {unknown}
 P - a potion of magic


   Skills:
 - Level 10.0 Fighting
 - Level 4.0 Staves
 - Level 1.0 Throwing
 - Level 10.0 Armour
 - Level 10.0 Dodging
 - Level 3.0 Stealth
 * Level 3.6 Shields
 * Level 9.6 Spellcasting
 - Level 4.0 Conjurations
 - Level 12.0 Air Magic
 - Level 4.0 Invocations
 - Level 5.0 Evocations


You had 21 spell levels left.
You knew the following spells:

 Your Spells              Type           Power      Damage    Failure   Level
a - Shock                 Conj/Air       100%       1d9       1%          1
b - Static Discharge      Conj/Air       56%        3-10/arc  1%          2
c - Swiftness             Air            70%        N/A       1%          3
d - Airstrike             Air            35%        2d(5-21)  1%          4

Your spell library contained the following spells:

 Spells                   Type           Power      Damage    Failure   Level
 Apportation              Tloc           18%        N/A       26%         1
 Freeze                   Ice            52%        1d7       26%         1
 Necrotise                Necr           36%        1d5       26%         1
 Summon Small Mammal      Summ           36%        N/A       26%         1
 Ensorcelled Hibernation  Hex/Ice        26%        N/A       36%         2
 Sublimation of Blood     Necr           9%         N/A       36%         2
 Frozen Ramparts          Ice            26%        1d4       58%         3
 Inner Flame              Hex/Fire       9%         N/A       58%         3
 Portal Projectile        Hex/Tloc       18%        N/A       58%         3
 Spider Form              Tmut/Pois      9%         N/A       58%         3
 Tukima's Dance           Hex            9%         N/A       58%         3
 Hailstorm                Conj/Ice       25%        3d7       73%         4
 Anguish                  Hex/Necr       4%         N/A       94%         4
 Cause Fear               Hex            4%         N/A       94%         4
 Petrify                  Tmut/Erth      9%         N/A       94%         4
 Irradiate                Conj/Tmut      8%         3d14      97%         5
 Blade Hands              Tmut           4%         N/A       100%        5
 Discord                  Hex            4%         N/A       100%        8


Dungeon Overview and Level Annotations

Branches:
Dungeon (10/15)            Temple (1/1) D:7            Lair (4/5) D:10
  Swamp (0/4) Lair:2       Spider (0/4) Lair:2          Orc (2/2) D:10
    Elf (0/3) Orc:2
  Slime: Lair:4-5

Altars:
Ashenzari
Cheibriados
Dithmenos
Elyvilon
Fedhas
Gozag
Hepliaklqana
Kikubaaqudgha
Makhleb
Nemelex Xobeh
Okawaru
Qazlal
Ru
Sif Muna
Trog
Uskayaw
Vehumet
Wu Jian
Xom
Yredelemnul
Zin
The Shining One

Shops:
D:5 =   D:8 (   D:9 [:

Annotations:
D:4 Grinder
D:5 Pikel
D:8 Amaemon
Lair:2 Nergalle
Orc:2 Azrael


Innate Abilities, Weirdness & Mutations

You have a beak for a mouth.
You have claws for feet.
Your magical nature lets you fly swiftly and evasively.


Message History

You hear a shout!
The orc high priest utters an invocation to Beogh.
The two-headed ogre shouts in stereo!
Casting: Airstrike (dangerous; 1% risk of failure)
Confirm with . or Enter, or press ? or * to list all spells.
You feel a surge of power!
The two-headed ogre is struck by an arc of lightning!
The two-headed ogre is lightly wounded.
You resist.
You are struck by an arc of lightning.
The two-headed ogre is struck by an arc of lightning!
The two-headed ogre is moderately wounded.
You resist.
You are struck by an arc of lightning.
The two-headed ogre is struck by an arc of lightning!
The two-headed ogre is heavily wounded.
You resist.
You are struck by an arc of lightning.
The lightning grounds out.
The two-headed ogre hits you with a +0 giant club!
The two-headed ogre hits you with a +0 giant club!!
* * * LOW HITPOINT WARNING * * *
Casting: Static Discharge (safe; 1% risk of failure)
Confirm with . or Enter, or press ? or * to list all spells.
You feel a surge of power!
The two-headed ogre is struck by an arc of lightning!
The two-headed ogre is severely wounded.
You resist.
You are struck by an arc of lightning.
The two-headed ogre is struck by an arc of lightning.
The two-headed ogre is severely wounded.
You resist.
You are struck by an arc of lightning.
The orc high priest prays to Beogh.
Unknown command.
Casting: Static Discharge (safe; 1% risk of failure)
Confirm with . or Enter, or press ? or * to list all spells.
You feel a surge of power!
The two-headed ogre is struck by an arc of lightning.
The two-headed ogre is almost dead.
You resist.
You are struck by an arc of lightning.
The two-headed ogre is struck by an arc of lightning!
The two-headed ogre is almost dead.
The lightning grounds out.
The two-headed ogre hits you with a +0 giant club!!
You die...

#...## #...## #....#####
##....##.## ### ##
#........### ##.##.##
#.....#.##.###......#
#####.....#....##.....##
##..#.....#...<###....##
#......#..@..........###
##......#.O..........#.##
##.......).......#..#...#
#......o.)..........#...#
###.....................##
###.#.#o4..............#.##
##..........>.......#......#
#.........................##
##..).........#...........##


You could see an orc high priest, a two-headed ogre, an ice devil (summoned) and
an orc warrior.

Vanquished Creatures
  A boulder beetle (Lair:1)
  3 hydras
  Fannar (Lair:1)
  Erica (D:8)
  A death yak (Lair:4)
  2 orc high priests (Orc:2)
  2 orc knights (Orc:1)
  An orc sorcerer (Orc:2)
  A cyclops (Orc:1)
  2 elephants (Lair:2)
  5 cane toads
  3 komodo dragons
  3 rime drakes
  17 blink frogs
  Sigmund (D:4)
  A wraith (D:9)
  25 yaks
  2 wyverns
  6 basilisks
  Eustachio (D:6)
  2 fire elementals (Orc:2)
  2 steam dragons
  4 vampire mosquitoes
  Grum (D:8)
  11 water moccasins
  Duvessa (D:6)
  11 orc warriors
  3 sky beasts
  An ice beast (D:7)
  3 black bears
  5 centaurs
  4 ogres
  21 wolves
  2 phantoms (D:6)
  13 bullfrogs
  2 kobold brigands
  Blork the orc (D:4)
  4 gnoll sergeants
  4 scorpions
  A necrophage (D:5)
  13 wights
  Dowan (D:6)
  6 killer bees (D:9)
  9 electric eels
  3 howler monkeys
  A gnoll bouda (D:9)
  6 orc priests
  10 hounds
  A jelly (D:8)
  2 iguanas (D:6)
  18 orc wizards
  8 adders
  32 gnolls
  A shadow imp (D:6)
  2 white imps (D:7)
  4 worms
  5 dart slugs
  48 orcs
  7 endoplasms
  A giant cockroach (D:2)
  5 goblins
  2 hobgoblins
  14 jackals
  5 quokkas
  5 ball pythons
  7 bats
  2 frilled lizards
  14 kobolds
  7 rats
  A butterfly (Lair:3)
415 creatures vanquished.

Vanquished Creatures (collateral kills)
  A cane toad (Lair:3)
  3 blink frogs (Lair:3)
  An orc wizard (D:8)
5 creatures vanquished.

Vanquished Creatures (others)
  2 cane toads
  A blink frog (Lair:3)
  An orc priest (D:8)
  27 fungi
  67 plants
  3 toadstools (D:2)
101 creatures vanquished.

Grand Total: 521 creatures vanquished

Notes
Turn   | Place    | Note
-------+----------+-------------------------------------------
     0 | D:1      | Lutefisk the Tengu Air Elementalist began the quest for the
                  | Orb.
     0 | D:1      | Reached XP level 1. HP: 10/10 MP: 4/4
    18 | D:1      | Reached skill level 1 in Fighting
    48 | D:1      | Reached XP level 2. HP: 6/16 MP: 0/6
   168 | D:1      | Found a faded altar of an unknown god.
   404 | D:1      | Reached XP level 3. HP: 17/22 MP: 5/7
   885 | D:2      | Reached XP level 4. HP: 14/28 MP: 1/8
   889 | D:2      | Reached skill level 1 in Armour
   889 | D:2      | Reached skill level 1 in Evocations
  1108 | D:3      | Identified the +5 ring mail "Damnable Contraption" {rPois
                  | rF++}
  1263 | D:3      | Learned a level 2 spell: Static Discharge
  1462 | D:3      | Reached skill level 5 in Air Magic
  1462 | D:3      | Gained mutation: Your magical nature lets you fly swiftly
                  | and evasively. [Tengu growth]
  1462 | D:3      | Reached XP level 5. HP: 28/32 MP: 3/9
  1596 | D:3      | Found an ancient bone altar of Kikubaaqudgha.
  1671 | D:4      | Learned a level 3 spell: Swiftness
  1710 | D:4      | Reached skill level 6 in Air Magic
  1787 | D:4      | Reached XP level 6. HP: 34/37 MP: 6/10
  1803 | D:4      | Noticed Grinder
  1845 | D:5      | Entered Level 5 of the Dungeon
  1947 | D:5      | Identified the +8 rapier of Venuy {vamp, rPois}
  2057 | D:5      | Noticed an orc warrior
  2104 | D:5      | Killed an orc warrior
  2105 | D:5      | Reached XP level 7. HP: 25/43 MP: 7/12
  2155 | D:5      | Noticed Pikel
  2189 | D:4      | Found a glowing silver altar of Zin.
  2240 | D:4      | Noticed Sigmund
  2264 | D:4      | Killed Sigmund
  2265 | D:4      | Reached skill level 1 in Throwing
  2298 | D:4      | Noticed Blork the orc
  2308 | D:4      | Killed Blork the orc
  2351 | D:4      | Reached skill level 7 in Air Magic
  2364 | D:4      | Reached XP level 8. HP: 36/48 MP: 0/13
  2528 | D:5      | Learned a level 4 spell: Airstrike
  2551 | D:5      | Found Untoi's Jewellery Boutique.
  2612 | D:5      | Reached skill level 8 in Air Magic
  2813 | D:6      | Noticed Dowan
  2844 | D:6      | Noticed Eustachio
  2886 | D:6      | Killed Eustachio
  2887 | D:6      | Reached skill level 9 in Air Magic
  3032 | D:6      | Reached skill level 10 in Air Magic
  3032 | D:6      | Reached XP level 9. HP: 38/52 MP: 5/14
  3233 | D:6      | Found a blossoming altar of Fedhas.
  3234 | D:6      | Noticed Duvessa
  3238 | D:6      | Killed Dowan
  3242 | D:6      | Killed Duvessa
  3243 | D:6      | Reached skill level 5 in Fighting
  3243 | D:6      | Reached skill level 5 in Armour
  3243 | D:6      | Reached skill level 5 in Dodging
  3466 | D:7      | Found a staircase to the Ecumenical Temple.
  3484 | D:7      | Reached skill level 1 in Staves
  3493 | Temple   | Entered the Ecumenical Temple
  4016 | D:8      | Reached XP level 10. HP: 55/61 MP: 12/17
  4018 | D:8      | Reached skill level 5 in Evocations
  4041 | D:8      | Noticed Erica
  4185 | D:8      | Found Neix's Weapon Emporium.
  4244 | D:8      | Noticed Grum
  4258 | D:8      | Killed Grum
  4271 | D:8      | Noticed an orange demon
  4271 | D:8      | Noticed Amaemon
  4331 | D:8      | Killed Erica
  4612 | D:9      | Found Lesazan's Antique Armour Emporium.
  4797 | D:9      | Reached XP level 11. HP: 55/68 MP: 2/18
  4859 | D:9      | Found an iron altar of Okawaru.
  4930 | D:9      | Found Zieplotz's Book Shoppe.
  4993 | D:10     | Entered Level 10 of the Dungeon
  4993 | D:10     | Found a staircase to the Orcish Mines.
  5070 | D:10     | Found a shimmering blue altar of Sif Muna.
  5186 | D:10     | Became a worshipper of Sif Muna the Loreminder
  5610 | D:10     | Found a staircase to the Lair.
  5621 | Lair:1   | Entered Level 1 of the Lair of Beasts
  5648 | Lair:1   | Noticed an eight-headed hydra
  5808 | Lair:1   | Noticed a catoblepas
  5868 | Lair:1   | Reached * piety under Sif Muna
  5869 | Lair:1   | Reached skill level 5 in Spellcasting
  5906 | Lair:1   | Noticed Fannar
  5940 | Lair:1   | Reached skill level 1 in Invocations
  5960 | Lair:1   | Noticed a boulder beetle
  5970 | Lair:1   | Killed a boulder beetle
  6095 | Lair:1   | Killed Fannar
  6096 | Lair:1   | Reached XP level 12. HP: 28/76 MP: 4/20
  6184 | Lair:2   | Found a hole to the Spider Nest.
  6253 | Lair:2   | Noticed Nergalle
  6647 | Lair:3   | Reached skill level 11 in Air Magic
  6648 | Lair:3   | Reached ** piety under Sif Muna
  6846 | Lair:2   | Found a staircase to the Swamp.
  6884 | Lair:3   | Noticed a four-headed hydra
  6902 | Lair:3   | Killed a four-headed hydra
  6903 | Lair:3   | Reached skill level 12 in Air Magic
  7117 | Lair:3   | Reached skill level 10 in Fighting
  7204 | Lair:4   | Noticed a four-headed hydra
  7211 | Lair:4   | Killed a four-headed hydra
  7252 | Lair:4   | Noticed a death yak
  7264 | Lair:4   | Killed a death yak
  7265 | Lair:4   | Reached skill level 10 in Armour
  7265 | Lair:4   | Reached XP level 13. HP: 30/82 MP: 10/26
  7573 | Lair:2   | Reached skill level 10 in Dodging
  8203 | Orc:1    | Entered Level 1 of the Orcish Mines
  8282 | Orc:1    | Reached *** piety under Sif Muna
  8283 | Orc:1    | Reached skill level 1 in Shields
  8641 | Orc:2    | Entered Level 2 of the Orcish Mines
  8641 | Orc:2    | Found a staircase to the Elven Halls.
  9077 | Orc:2    | Reached **** piety under Sif Muna
  9119 | Orc:2    | Noticed Azrael
  9331 | Orc:2    | Slain by a two-headed ogre

Illustrated notes

Levels and vault maps discovered:
D:1:      noname_arrival_rooms_in_the_neighbourhood, layout_loops_ring,
          hellmonk_ecumenical_altar_blasted
D:2:      layout_loops_corners, minmay_gold_behind_fungi
D:3:      layout_basic, kiku_gazebo_pond_becter, minivault_27,
          kennysheep_pointless_box, nicolae_grassy_gnolls,
          uniq_crazy_yiuf_cottage
D:4:      layout_basic, zin_statuary, uniq_blork_the_orc, uniq_grinder,
          uniq_sigmund
D:5:      layout_loops_cross, minmay_misc_feat_four_crosses,
          hangedman_decor_opposing, serial_bayou_pond_c,
          nicolae_inconvenience_store, roderic_lattice_a, uniq_pikel,
          uniq_prince_ribbit1
D:6:      layout_loops_ring, fedhas_altar_fruit_tree, uniq_duvessa,
          uniq_eustachio
D:7:      layout_gridville, temple_doors_cd, serial_bayou_lake_a
D:8:      layout_rooms, serial_shops, nicolae_diamond_shop, uniq_grum,
          uniq_amaemon, uniq_erica
D:9:      layout_big_octagon, kennysheep_little_box, serial_shops, shop,
          serial_gnoll_camp, gnoll_camp_mini_house, gnoll_camp_mini_hut,
          gnoll_camp_mini_shop, gnoll_camp_mini_doghouse, grums_kennel,
          gnoll_camp_mini_loothouse
D:10:     layout_layer_cave, lemuel_tele_altar, grunt_lair_entry_orc_guard_hut,
          minmay_door_square, chequers_big_river
Temple:   nicolae_temple_bog_church
Lair:1:   layout_loops_ring, gauntlet_entry_generic, uniq_fannar
Lair:2:   layout_cave_shapes, minmay_swamp_entry_swarm,
          nicolae_spider_entry_orb_guardian, uniq_nergalle
Lair:3:   layout_regular_city, grunt_megastairs_4, lemuel_fruit_fields,
          serial_bayou_shore_a
Lair:4:   layout_regular_city, dreamdust_wasp_nest
Orc:1:    layout_caves
Orc:2:    st_orc_congregation, layout_caves, mines2_david, uniq_azrael

Skill      XL: |  1  2  3  4  5  6  7  8  9 10 11 12 13 |
---------------+----------------------------------------+-----
Fighting       | 1 2 3 4 6 8 9 10 | 10.0
Conjurations   | 2 3 4 |  4.0
Armour         | 1 2 3 4 5 7 9 10 | 10.0
Evocations     | 1 3 4 5 |  5.0
Air Magic      | 5 6 7 10 12 | 12.0
Spellcasting   | 3 4 5 8 9 |  9.6
Throwing       | 1 |  1.0
Dodging        | 4 5 8 9 10 | 10.0
Staves         | 2 3 4 |  4.0
Invocations    | 4 |  4.0
Stealth        | 3 |  3.0
Shields        | 3 |  3.6

Action                   |  1- 3 |  4- 6 |  7- 9 | 10-12 | 13-15 || total
-------------------------+-------+-------+-------+-------+-------++-------
Melee: Unarmed           |    15 |       |       |       |       ||    15
       Kick              |     8 |    11 |    16 |    63 |     9 ||   107
       Peck              |     1 |    13 |    11 |    52 |     4 ||    81
       Club              |     3 |       |       |       |       ||     3
       Staff             |    15 |    55 |    49 |   220 |    30 ||   369
       Rapier            |       |       |    19 |       |       ||    19
       Punch             |       |       |     1 |     2 |       ||     3
Throw: Dart              |       |     7 |     2 |    59 |     2 ||    70
       Throwing net      |       |       |       |     1 |     1 ||     2
 Cast: Shock             |    50 |    45 |    33 |    25 |    16 ||   169
       Static Discharge  |       |     7 |    46 |   156 |    78 ||   287
       Airstrike         |       |       |     9 |    45 |    47 ||   101
       Swiftness         |       |       |     1 |     2 |     2 ||     5
Invok: Channel Magic     |       |       |       |     3 |     1 ||     4
Evoke: Wand              |       |       |       |    24 |     3 ||    27
  Use: Potion            |       |       |     2 |     5 |     2 ||     9
       Scroll            |       |       |       |    17 |     5 ||    22
 Stab: Sleeping          |     1 |       |       |     2 |       ||     3
Armor: Robe              |    16 |       |       |       |       ||    16
       Ring mail         |       |    36 |    68 |   132 |    32 ||   268
Dodge: Dodged            |    49 |    60 |    75 |   322 |    91 ||   597
Block: Buckler           |       |       |       |       |     7 ||     7
